 Dungeon Crawl Stone Soup version 0.22.1-1-ga44c0e5 (webtiles) character file.

2146 rabbit the Thaumaturge (level 9, -6/65 HPs)
             Began as a Gnoll Wizard on Oct 13, 2018.
             Was an Initiate of Ashenzari.
             Mangled by ThyNameIsHubris's ghost (8 damage)
             ... on level 7 of the Dungeon.
             The game lasted 00:44:31 (10131 turns).

rabbit the Thaumaturge (Gnoll Wizard)              Turns: 10131, Time: 00:44:32

Health: -6/65      AC:  5    Str:  9    XL:     9   Next: 31%
Magic:  20/21      EV: 16    Int: 24    God:    Ashenzari [......]
Gold:   456        SH:  5    Dex: 16    Spells: 12/24 levels left

rFire    . . .     SeeInvis .   a - +7 dagger of Trog's Whim {pierce, rElec MR+ Stlth+}
rCold    . . .     Gourm    .   C - +0 buckler
rNeg     . . .     Faith    .   I - +0 robe
rPois    .         Spirit   .   D - +0 helmet
rElec    +         Reflect  .   A - +0 cloak (curse)
rCorr    +         Harm     .   s - +0 pair of gloves
MR       +....                  (no boots)
Stlth    ++++......             B - amulet of magic regeneration (curse)
HPRegen  0.20/turn              u - ring of resist corrosion (curse)
MPRegen  0.42/turn              j - +2 ring of dexterity (curse)

@: no status effects
A: distributed training, fangs 1, strong nose
a: Curse Item, Renounce Religion


You were on level 7 of the Dungeon.
You worshipped Ashenzari.
Ashenzari was noncommittal.
You were hungry.

You visited 1 branch of the dungeon, and saw 8 of its levels.

You collected 546 gold pieces.
You spent 90 gold pieces at shops.

Inventory:

Hand Weapons
 a - the +7 dagger of Trog's Whim (weapon) {pierce, rElec MR+ Stlth+}
   (You found it on level 7 of the Dungeon)

   It inflicts extra damage upon your enemies.
   It insulates you from electricity.
   It affects your resistance to hostile enchantments.
   It makes you more stealthy.
 b - a +0 hunting sling
 p - a +0 whip
 q - a +0 hunting sling
 r - a +0 hunting sling
 J - a +3 dagger of venom
Missiles
 e - 17 sling bullets (quivered)
 i - a throwing net
 o - 132 stones
Armour
 c - a +0 hat
 g - a +0 robe
 s - a +0 pair of gloves (worn)
 y - a +0 cloak
 A - a cursed +0 cloak (worn)
 C - a +0 buckler (worn)
 D - a +0 helmet (worn)
 I - a +0 robe (worn)
Jewellery
 j - a cursed +2 ring of dexterity (right hand)
 u - a cursed ring of resist corrosion (left hand)
 B - a cursed amulet of magic regeneration (around neck)
 G - an uncursed ring of protection from fire
Wands
 H - a wand of enslavement (10)
Scrolls
 f - a scroll of teleportation
 h - 4 scrolls of remove curse
 t - 2 scrolls of blinking
 w - 8 scrolls of identify
 E - a scroll of fear
Potions
 k - a potion of heal wounds {unknown}
 l - 3 potions of haste {unknown}
 m - a potion of flight {unknown}
 n - a potion of mutation {unknown}
 v - 2 potions of curing {unknown}
 x - a potion of brilliance {unknown}
 z - 2 potions of berserk rage {unknown}
 F - a potion of lignification
Comestibles
 d - 11 rations


   Skills:
 + Level 4.0 Fighting
 + Level 4.0 Short Blades
 + Level 4.0 Long Blades
 + Level 4.0 Axes
 + Level 4.0 Maces & Flails
 + Level 4.0 Polearms
 + Level 4.0 Staves
 + Level 4.0 Slings
 + Level 4.0 Bows
 + Level 4.0 Crossbows
 + Level 4.0 Throwing
 + Level 4.0 Armour
 + Level 6.2 Dodging
 + Level 5.9 Stealth
 + Level 4.0 Shields
 + Level 4.0 Unarmed Combat
 + Level 8.3 Spellcasting
 + Level 4.0 Conjurations
 + Level 3.3 Hexes
 + Level 3.3 Charms
 + Level 4.0 Summonings
 + Level 3.3 Necromancy
 + Level 4.0 Translocations
 + Level 3.3 Transmutations
 + Level 3.3 Fire Magic
 + Level 3.3 Ice Magic
 + Level 3.3 Air Magic
 + Level 3.3 Earth Magic
 + Level 3.3 Poison Magic
 + Level 4.4 Invocations
 + Level 4.0 Evocations


You had 12 spell levels left.
You knew the following spells:

 Your Spells              Type           Power        Failure   Level  Hunger
a - Magic Dart            Conj           ####         1%          1    None
b - Apportation           Tloc           ####..       1%          1    None
c - Blink                 Tloc           N/A          1%          2    None
d - Call Imp              Summ           ####....     1%          2    None
e - Conjure Flame         Conj/Fire      ####....     4%          3    None
f - Mephitic Cloud        Conj/Pois/Air  ####....     4%          3    None

Your spell library contained the following spells:

 Spells                   Type           Power        Failure   Level  Hunger
 Animate Skeleton         Necr           N/A          1%          1    None
 Confusing Touch          Hex            ####..       1%          1    None
 Summon Small Mammal      Summ           ####         1%          1    None
 Slow                     Hex            ####....     2%          2    None


Dungeon Overview and Level Annotations

Branches:
Dungeon (8/15)             Temple (0/1) D:7
   Lair: D:8-11

Altars:
Ashenzari
Gozag
Kikubaaqudgha
Makhleb
Nemelex Xobeh
Ru
Vehumet
The Shining One

Shops:
D:4 *

Annotations:
D:7 !! cool dagger, ThyNameIsHubris's ghost, novice DDNe


Innate Abilities, Weirdness & Mutations

Your experience applies equally to all skills.
You have very sharp teeth.
Your uncanny sense of smell can sniff out nearby items.


Message History

ThyNameIsHubris's ghost is severely damaged.
You hit ThyNameIsHubris's ghost.
ThyNameIsHubris's ghost is severely damaged.
ThyNameIsHubris's ghost hits you.
* * * LOW HITPOINT WARNING * * *
x2 You completely miss ThyNameIsHubris's ghost.
ThyNameIsHubris's ghost is severely damaged.
ThyNameIsHubris's ghost casts a spell at you.
You easily resist.
You puncture ThyNameIsHubris's ghost!
You bite ThyNameIsHubris's ghost, but do no damage.
ThyNameIsHubris's ghost is almost destroyed.
ThyNameIsHubris's ghost hits you!
* * * LOW HITPOINT WARNING * * *
x2
Okay, then.
Casting: Conjure Flame (safe; 4% risk of failure)
Confirm with . or Enter, or press ? or * to list all spells.
You blink.
ThyNameIsHubris's ghost hits you!
You die...

##...# #.# #......#
##+####... #.##.# #.#
###.#### #........ ..##.#
#.# #.# #..######
#.##.###.# #.# #####
##..# .........# #.#
#..)###...#####
.###.#####
#.###)............#
.###.#
#####.##.....##...###.##
.....#
#.......)....###..# #...
.##### #.###.<@...†.#
#..###### .# #.#
####W....# #........ .#
#.# #.....# #.####### ##
#.#######.#### #.#
##.........# #.#######
#......#...# #.##∩8∩8.
#.###....#.## #.#∩.....
#.###.......#####.#8..8..
######
#.##...###.....##.#..._..


You could see ThyNameIsHubris's ghost.

Vanquished Creatures
  A wraith (D:7)
  An orc warrior (D:6)
  A sky beast (D:8)
  4 ogres
  A necrophage (D:8)
  A scorpion (D:7)
  A wyvern skeleton (D:6)
  6 killer bees
  A howler monkey (D:7)
  3 crimson imps (D:7)
  2 hounds (D:6)
  A quasit (D:7)
  6 orc priests
  2 orc wizards
  Jessica (D:2)
  A bullfrog skeleton (D:5)
  4 iguanas
  5 worker ants
  3 hound skeletons
  A worker ant zombie (D:6)
  A howler monkey skeleton (D:7)
  3 gnolls
  10 adders
  A shadow imp (D:6)
  An adder skeleton (D:4)
  2 dart slugs
  5 leopard geckos
  19 orcs
  8 bats
  4 giant cockroaches
  11 goblins
  4 hobgoblins
  8 jackals
  8 kobolds
  5 quokkas
  A ball python (D:3)
  6 frilled lizards
  4 goblin zombies (D:7)
  A hobgoblin zombie (D:7)
  A kobold skeleton (D:7)
  A kobold zombie (D:7)
  2 orc skeletons (D:7)
  2 orc zombies (D:7)
  7 rats
161 creatures vanquished.

Vanquished Creatures (collateral kills)
  An ice beast (D:7)
1 creature vanquished.

Vanquished Creatures (others)
  2 withered plants (D:7)
2 creatures vanquished.

Grand Total: 164 creatures vanquished

Notes
Turn   | Place    | Note
-------+----------+-------------------------------------------
     0 | D:1      | rabbit the Gnoll Wizard began the quest for the Orb.
     0 | D:1      | Reached XP level 1. HP: 13/13 MP: 8/8
   546 | D:1      | Reached XP level 2. HP: 19/19 MP: 8/10
   966 | D:2      | Reached XP level 3. HP: 25/25 MP: 9/11
  1023 | D:2      | Noticed Jessica
  1032 | D:2      | Killed Jessica
  1032 | D:2      | Reached skill level 1 in Fighting
  1032 | D:2      | Reached skill level 1 in Short Blades
  1032 | D:2      | Reached skill level 1 in Long Blades
  1032 | D:2      | Reached skill level 1 in Axes
  1032 | D:2      | Reached skill level 1 in Maces & Flails
  1032 | D:2      | Reached skill level 1 in Polearms
  1032 | D:2      | Reached skill level 1 in Staves
  1032 | D:2      | Reached skill level 1 in Slings
  1032 | D:2      | Reached skill level 1 in Bows
  1032 | D:2      | Reached skill level 1 in Crossbows
  1032 | D:2      | Reached skill level 1 in Throwing
  1032 | D:2      | Reached skill level 1 in Armour
  1032 | D:2      | Reached skill level 1 in Shields
  1032 | D:2      | Reached skill level 1 in Unarmed Combat
  1032 | D:2      | Reached skill level 1 in Invocations
  1032 | D:2      | Reached skill level 1 in Evocations
  1075 | D:2      | Reached XP level 4. HP: 32/32 MP: 13/13
  1481 | D:2      | Reached skill level 1 in Hexes
  1481 | D:2      | Reached skill level 1 in Charms
  1481 | D:2      | Reached skill level 1 in Necromancy
  1481 | D:2      | Reached skill level 1 in Transmutations
  1481 | D:2      | Reached skill level 1 in Fire Magic
  1481 | D:2      | Reached skill level 1 in Ice Magic
  1481 | D:2      | Reached skill level 1 in Air Magic
  1481 | D:2      | Reached skill level 1 in Earth Magic
  1481 | D:2      | Reached skill level 1 in Poison Magic
  1625 | D:2      | Learned a level 1 spell: Apportation
  1628 | D:2      | Learned a level 2 spell: Blink
  1631 | D:2      | Learned a level 2 spell: Call Imp
  1635 | D:2      | Learned a level 3 spell: Conjure Flame
  1639 | D:2      | Learned a level 3 spell: Mephitic Cloud
  1833 | D:3      | Reached XP level 5. HP: 37/37 MP: 8/14
  1945 | D:3      | Noticed an ogre
  1980 | D:3      | Killed an ogre
  2647 | D:3      | Reached XP level 6. HP: 44/44 MP: 11/16
  3260 | D:4      | Found Byuriez's General Store.
  3271 | D:4      | Noticed a phantom
  3289 | D:3      | HP: 2/44 [poisoned by a worker ant]
  3296 | D:3      | HP: 3/66 [poisoned by a worker ant]
  3304 | D:3      | HP: 2/66 [poisoned by a worker ant]
  3636 | D:3      | Reached skill level 5 in Dodging
  4530 | D:4      | Reached XP level 7. HP: 45/50 MP: 12/18
  4911 | D:5      | Entered Level 5 of the Dungeon
  5123 | D:5      | Found a sacrificial altar of Ru.
  5766 | D:6      | Found a sparkling altar of Nemelex Xobeh.
  6113 | D:6      | Found a radiant altar of Vehumet.
  6327 | D:6      | Found a sparkling altar of Nemelex Xobeh.
  6519 | D:6      | Found a shattered altar of Ashenzari.
  6879 | D:6      | Became a worshipper of Ashenzari the Shackled
  6933 | D:4      | Reached skill level 5 in Stealth
  6953 | D:4      | Bought a +2 ring of dexterity for 90 gold pieces
  7103 | D:7      | Found a glowing golden altar of the Shining One.
  7413 | D:7      | Reached XP level 8. HP: 57/57 MP: 19/19
  8388 | D:7      | Found an ancient bone altar of Kikubaaqudgha.
  8400 | D:7      | Found a runed gate.
  8400 | D:7      | Noticed a wraith
  8404 | D:7      | Found a runed gate.
  8404 | D:7      | Found an opulent altar of Gozag.
  8405 | D:7      | Found a runed gate.
  8410 | D:7      | Noticed ThyNameIsHubris's ghost (novice DDNe)
  8437 | D:7      | Reached skill level 8 in Spellcasting
  9352 | D:7      | Reached XP level 9. HP: 62/65 MP: 21/21
  9425 | D:7      | Found a staircase to the Ecumenical Temple.
  9433 | D:7      | Got the uncursed plate armour of Midnight {-Cast Regen+
                  | Str+2}
  9673 | D:8      | Noticed a two-headed ogre
  9796 | D:8      | Found a burning altar of Makhleb.
 10057 | D:7      | Got the dagger of Trog's Whim {pierce, rElec MR+ Stlth+}
 10058 | D:7      | Identified the +7 dagger of Trog's Whim {pierce, rElec MR+
                  | Stlth+} (You found it on level 7 of the Dungeon)
 10128 | D:7      | HP: 1/65 [ThyNameIsHubris's ghost (3)]
 10131 | D:7      | Mangled by ThyNameIsHubris's ghost

Skill      XL: |  1  2  3  4  5  6  7  8  9 |
---------------+----------------------------+-----
Conjurations   | 2 3 4 |  4.0
Summonings     | 2 3 4 |  4.0
Translocations | 2 3 4 |  4.0
Fighting       | 1 2 3 4 |  4.0
Short Blades   | 1 2 3 4 |  4.0
Long Blades    | 1 2 3 4 |  4.0
Axes           | 1 2 3 4 |  4.0
Maces & Flails | 1 2 3 4 |  4.0
Polearms       | 1 2 3 4 |  4.0
Staves         | 1 2 3 4 |  4.0
Slings         | 1 2 3 4 |  4.0
Bows           | 1 2 3 4 |  4.0
Crossbows      | 1 2 3 4 |  4.0
Throwing       | 1 2 3 4 |  4.0
Armour         | 1 2 3 4 |  4.0
Shields        | 1 2 3 4 |  4.0
Unarmed Combat | 1 2 3 4 |  4.0
Invocations    | 1 2 3 4 |  4.4
Evocations     | 1 2 3 4 |  4.0
Hexes          | 1 2 3 |  3.3
Charms         | 1 2 3 |  3.3
Necromancy     | 1 2 3 |  3.3
Transmutations | 1 2 3 |  3.3
Fire Magic     | 1 2 3 |  3.3
Ice Magic      | 1 2 3 |  3.3
Air Magic      | 1 2 3 |  3.3
Earth Magic    | 1 2 3 |  3.3
Poison Magic   | 1 2 3 |  3.3
Dodging        | 5 6 |  6.2
Stealth        | 5 |  5.9
Spellcasting   | 8 |  8.3

Action                   |  1- 3 |  4- 6 |  7- 9 || total
-------------------------+-------+-------+-------++-------
Melee: Dagger            |    16 |    76 |   269 ||   361
       Whip              |     1 |       |       ||     1
       Bite              |       |     4 |    23 ||    27
       Punch             |       |     2 |       ||     2
 Fire: Hunting sling     |       |    17 |    28 ||    45
 Cast: Magic Dart        |    36 |   115 |    63 ||   214
       Call Imp          |       |     4 |     6 ||    10
       Conjure Flame     |       |     3 |     9 ||    12
       Mephitic Cloud    |       |     6 |    11 ||    17
       Blink             |       |     3 |     3 ||     6
Invok: Curse Item        |       |       |     3 ||     3
  Use: Scroll            |     5 |     1 |     5 ||    11
       Potion            |       |     2 |       ||     2
 Stab: Sleeping          |     4 |     6 |     7 ||    17
       Confused          |       |     3 |     3 ||     6
       Distracted        |       |       |     1 ||     1
  Eat: Chunk             |       |    11 |    10 ||    21
       Ration            |       |       |     2 ||     2
Armor: Robe              |     5 |    10 |    29 ||    44
       Skin              |       |     5 |       ||     5
Dodge: Dodged            |    16 |    46 |   171 ||   233
Block: Buckler           |       |       |    51 ||    51
